 Dungeon Sprint DCSS version 0.22-a0-877-g5c4e1af (webtiles) character file.

22052 Brynnhild the Tengu Aeon (level 12, -2/84 HPs)
             Began as a Tengu Monk on July 29, 2018.
             Was the Champion of Cheibriados.
             Slain by a fire dragon (12 damage)
             ... in the Dungeon (Sprint IX: "|||||||||||||||||||||||||||||").
             The game lasted 00:07:57 (2545 turns).

Brynnhild the Tengu Aeon (Tengu Monk)               Turns: 2545, Time: 00:07:58

Health: -2/84      AC: 19    Str: 28    XL:     12   Next: 96%
Magic:  20/26      EV: 22    Int: 29    God:    Cheibriados [******]
Gold:   1580       SH: 17    Dex: 35    Spells: 11/11 levels left

rFire    . . .     SeeInvis .   H - +4 scimitar (flame)
rCold    . . .     Gourm    .   D - +1 large shield
rNeg     . . .     Faith    .   E - +0 shadow dragon scales
rPois    .         Spirit   .   (helmet restricted)
rElec    .         Reflect  .   w - +0 cloak
rCorr    .         Harm     .   C - +1 pair of gloves
MR       .....     NoTele   +   (boots unavailable)
Stlth    ++++......             (no amulet)
HPRegen  0.24/turn              r - +3 ring of intelligence
MPRegen  0.20/turn              q - +2 ring of protection

@: flying quickly and evasively, very slow
A: beak, talons 3, able to fly 1
a: Bend Time, Temporal Distortion, Slouch, Step From Time, Renounce Religion


You were in the Dungeon.
You worshipped Cheibriados.
Cheibriados was exalted by your worship.
You were not hungry.

You visited 1 branch You collected 1906 gold pieces.
You spent 326 gold pieces at shops.

Inventory:

Hand Weapons
 a - a +0 falchion
 n - a +2 scimitar of flaming
 x - a +0 scimitar of flaming
 y - a +5 falchion of protection
 H - a +4 scimitar of flaming (weapon)
Armour
 b - a +0 robe
 o - a +0 pair of gloves
 p - a +2 ring mail
 w - a +0 cloak (worn)
 C - a +1 pair of gloves (worn)
 D - a +1 large shield (worn)
 E - +0 shadow dragon scales (worn)
Jewellery
 q - a +2 ring of protection (right hand)
 r - a +3 ring of intelligence (left hand)
 z - an uncursed ring of ice
 A - an uncursed ring of ice
 B - an uncursed ring of ice
Scrolls
 i - 6 scrolls of blinking
 k - 3 scrolls of remove curse
 l - 2 scrolls of amnesia
 m - a scroll of identify
 s - 4 scrolls of enchant weapon
 t - 6 scrolls of enchant armour
 u - a scroll of fog
 v - a scroll of fear
Potions
 d - 6 potions of curing
 e - 9 potions of heal wounds
 f - a potion of haste
 g - 3 potions of magic
 h - a potion of brilliance
 j - a potion of invisibility
 F - a potion of agility
 G - a potion of might
Comestibles
 c - 11 rations


   Skills:
 + Level 13.8 Fighting
 + Level 16.3 Long Blades
 + Level 7.3 Armour
 + Level 13.8 Dodging
 - Level 2.0 Stealth
 + Level 1.3 Shields
 * Level 19.0 Invocations


You had 11 spell levels left.
You didn't know any spells.
Your spell library was empty.

Dungeon Overview and Level Annotations

Branches:
Dungeon (1/1)

Altars:
Cheibriados
Dithmenos
Elyvilon
Fedhas
Gozag
Hepliaklqana
Kikubaaqudgha
Makhleb
Nemelex Xobeh
Okawaru
Qazlal
Ru
Sif Muna
Trog
Uskayaw
Vehumet
Wu Jian
Xom
Yredelemnul
Zin
The Shining One
Beogh
Jiyva
Lugonu

Shops:
D ([?(


Innate Abilities, Weirdness & Mutations

You have a beak for a mouth.
You have claws for feet.
You can fly.


Message History

The blast of flame hits you! The fire dragon breathes flames at you.
The blast of flame hits you!
* * * LOW HITPOINT WARNING * * *
Things that are here:
a whip; a robe You are too injured to fight recklessly!
You are too injured to fight recklessly!
You are too injured to fight recklessly!
You are too injured to fight recklessly!
You are too injured to fight recklessly!
You can feel time thicken for a moment.
You feel somewhat more hungry. The fire dragon completely misses you.
You block the fire dragon's attack. x2
Unknown command.
You slash the fire dragon!
You claw the fire dragon, but do no damage.
You peck the fire dragon.
The fire dragon is heavily wounded.
The fire dragon bites you!
You die...

▓.▓.▓.▓.▓.▓.▓
▓.▓.▓[▓.▓.▓.▓
▓.▓.▓[▓.▓.▓.▓
▓)▓.▓.▓.▓'▓.▓+▓
▓.▓.▓[▓.▓.▓.▓.▓
▓.▓.▓.▓.▓.▓.▓.▓
▓.▓.▓.▓.▓)▓)▓.▓
▓.▓.▓'▓.▓)▓.▓D▓
▓[▓.▓?▓.▓.▓.▓@▓
▓[▓.▓.▓.▓∩▓.▓)▓
▓'▓.▓)▓.▓.▓.▓.▓
▓.▓.▓.▓.▓∩▓.▓.▓
▓.▓.▓.▓.▓.▓.▓.▓
▓.▓.▓†▓.▓∩▓.▓.▓
▓[▓.▓†▓.▓.▓.▓.▓
▓.▓.▓.▓.▓∩▓.▓)▓
▓)▓.▓.▓.▓)▓.▓)▓


You could see a fire dragon.

Vanquished Creatures
  A very ugly thing (D)
  An ettin (D)
  Josephine (D)
  A rakshasa (D)
  A centaur warrior (D)
  Erolcha (D)
  2 hydras (D)
  Erica (D)
  A two-headed ogre (D)
  6 orc high priests (D)
  An unseen horror (D)
  A skeletal warrior (D)
  3 orc sorcerers (D)
  A cyclops (D)
  2 orc knights (D)
  An ugly thing (D)
  A guardian serpent (shapeshifter) (D)
  3 spiny frogs (D)
  A rime drake (D)
  A yaktaur (D)
  An efreet (D)
  2 trolls (D)
  A tyrant leech (D)
  A slime creature (D)
  4 blink frogs (D)
  2 hippogriffs (D)
  A yak (D)
  4 wraiths (D)
  A steam dragon (D)
  2 vampire mosquitoes (D)
  An acid dragon (D)
  2 water moccasins (D)
  A porcupine (D)
  8 orc warriors (D)
  3 crocodiles (D)
  A centaur (D)
  5 bullfrogs (D)
  3 crimson imps (D)
  2 hounds (D)
  11 orc priests (D)
  2 orc wizards (D)
  An iguana (D)
  2 worker ants (D)
  A gnoll (D)
  A shadow imp (D)
  An adder skeleton (D)
  6 orcs (D)
  2 bats (D)
  A bat skeleton (D)
  A frilled lizard (D)
  2 rats (D)
107 creatures vanquished.

Notes
Turn   | Place    | Note
-------+----------+-------------------------------------------
     0 | D        | Brynnhild the Tengu Monk began the quest for the Orb.
     0 | D        | Reached XP level 1. HP: 14/14 MP: 2/2
    28 | D        | Noticed a crimson imp
    28 | D        | Noticed a hound
    33 | D        | Killed a hound
    33 | D        | Reached skill level 5 in Long Blades
    33 | D        | Reached skill level 5 in Dodging
    33 | D        | Reached XP level 2. HP: 14/20 MP: 3/3
    33 | D        | Reached XP level 3. HP: 17/24 MP: 4/4
    34 | D        | Reached skill level 5 in Fighting
    34 | D        | Reached XP level 4. HP: 23/31 MP: 5/5
    82 | D        | Found a roughly hewn altar of Beogh.
    82 | D        | Found a snail-covered altar of Cheibriados.
    82 | D        | Found a shadowy altar of Dithmenos.
    82 | D        | Found a white marble altar of Elyvilon.
    82 | D        | Found a blossoming altar of Fedhas.
    82 | D        | Found an opulent altar of Gozag.
    83 | D        | Found a hazy altar of Hepliaklqana.
    84 | D        | Found a viscous altar of Jiyva.
    85 | D        | Found an ancient bone altar of Kikubaaqudgha.
    86 | D        | Became a worshipper of Cheibriados the Contemplative
    86 | D        | Reached * piety under Cheibriados
    86 | D        | Reached ** piety under Cheibriados
    87 | D        | Found a corrupted altar of Lugonu.
    88 | D        | Found a burning altar of Makhleb.
    89 | D        | Found a sparkling altar of Nemelex Xobeh.
    90 | D        | Found an iron altar of Okawaru.
    91 | D        | Found a stormy altar of Qazlal.
    92 | D        | Found a sacrificial altar of Ru.
    93 | D        | Found a deep blue altar of Sif Muna.
    94 | D        | Found a bloodstained altar of Trog.
    95 | D        | Found a hide-covered altar of Uskayaw.
    96 | D        | Found a radiant altar of Vehumet.
    97 | D        | Found an ornate altar of the Wu Jian Council.
    98 | D        | Found a shimmering altar of Xom.
    99 | D        | Found a basalt altar of Yredelemnul.
   100 | D        | Found a glowing silver altar of Zin.
   101 | D        | Found a glowing golden altar of the Shining One.
   170 | D        | Noticed a steam dragon
   170 | D        | Noticed a troll
   172 | D        | Reached skill level 1 in Invocations
   172 | D        | Gained mutation: You can fly. [Tengu growth]
   172 | D        | Reached XP level 5. HP: 36/36 MP: 6/6
   176 | D        | Killed an unseen horror
   176 | D        | Reached *** piety under Cheibriados
   176 | D        | Reached skill level 10 in Long Blades
   176 | D        | Reached skill level 5 in Invocations
   176 | D        | Reached XP level 6. HP: 40/45 MP: 3/11
   176 | D        | Reached XP level 7. HP: 45/50 MP: 3/12
   179 | D        | Killed a troll
   179 | D        | Reached skill level 10 in Dodging
   179 | D        | Reached skill level 6 in Invocations
   179 | D        | Reached XP level 8. HP: 39/56 MP: 3/13
   180 | D        | Reached **** piety under Cheibriados
   368 | D        | Noticed a skeletal warrior
   368 | D        | Noticed a two-headed ogre
   369 | D        | Reached ***** piety under Cheibriados
   369 | D        | Reached skill level 1 in Armour
   371 | D        | Killed a two-headed ogre
   371 | D        | Reached skill level 10 in Fighting
   371 | D        | Reached skill level 7 in Invocations
   371 | D        | Reached XP level 9. HP: 40/63 MP: 3/15
   378 | D        | Killed a skeletal warrior
   378 | D        | Reached skill level 8 in Invocations
   647 | D        | Noticed a spiny frog
   647 | D        | Noticed a rime drake
   647 | D        | Noticed an eight-headed hydra
   651 | D        | Killed a rime drake
   651 | D        | Killed a spiny frog
   652 | D        | Killed an eight-headed hydra
   652 | D        | Reached skill level 9 in Invocations
   652 | D        | Reached XP level 10. HP: 71/71 MP: 3/18
   747 | D        | Reached ****** piety under Cheibriados
   772 | D        | Noticed a spiny frog
   774 | D        | Reached skill level 10 in Invocations
   774 | D        | Killed a spiny frog
   775 | D        | Noticed a four-headed hydra
   783 | D        | Killed a one-headed hydra
   783 | D        | Reached skill level 15 in Long Blades
   783 | D        | Reached skill level 11 in Invocations
   875 | D        | Noticed a spiny frog
   877 | D        | Reached skill level 5 in Armour
   878 | D        | Killed a spiny frog
   878 | D        | Reached XP level 11. HP: 76/76 MP: 13/20
   889 | D        | Reached skill level 12 in Invocations
   963 | D        | Noticed Erica
   974 | D        | Killed Erica
   991 | D        | Noticed Erolcha
   998 | D        | Killed Erolcha
  1033 | D        | Reached skill level 13 in Invocations
  1033 | D        | Noticed an orc knight
  1036 | D        | Noticed an orc sorcerer
  1039 | D        | Killed an orc sorcerer
  1040 | D        | Killed an orc knight
  1172 | D        | Noticed an orc sorcerer
  1176 | D        | Killed an orc sorcerer
  1176 | D        | Reached skill level 14 in Invocations
  1189 | D        | Noticed an orc sorcerer
  1192 | D        | Noticed an orc knight
  1196 | D        | Killed an orc sorcerer
  1200 | D        | Killed an orc knight
  1338 | D        | Found Bamadgh's Antique Weapon Boutique.
  1338 | D        | Noticed an orc high priest
  1338 | D        | Noticed an orc high priest
  1342 | D        | Noticed a soul eater
  1343 | D        | Killed an orc high priest
  1343 | D        | Reached skill level 15 in Invocations
  1344 | D        | Noticed an orc high priest
  1346 | D        | Killed an orc high priest
  1347 | D        | Found Vineahos's Magic Scroll Shop.
  1355 | D        | Noticed a soul eater
  1362 | D        | Killed an orc high priest
  1362 | D        | Reached XP level 12. HP: 12/84 MP: 8/24
  1468 | D        | Noticed an orc high priest
  1474 | D        | Killed an orc high priest
  1474 | D        | Reached skill level 16 in Invocations
  1568 | D        | Found Xunn's Antique Armour Boutique.
  1572 | D        | Found Xageiq's Weapon Shop.
  1576 | D        | Noticed an orc high priest
  1580 | D        | Killed an orc high priest
  1581 | D        | Noticed an orc high priest
  1592 | D        | Killed an orc high priest
  1611 | D        | Bought a glowing falchion for 132 gold pieces
  1613 | D        | Bought a scroll of enchant armour for 97 gold pieces
  1617 | D        | Bought a scroll of blinking for 97 gold pieces
  1739 | D        | Noticed Josephine
  1751 | D        | Killed Josephine
  1751 | D        | Reached skill level 17 in Invocations
  2093 | D        | Found the +8 frozen axe "Frostbite" {freezing cloud, *Noise +Fly rC+}
  2166 | D        | Noticed a cyan very ugly thing
  2181 | D        | Reached skill level 18 in Invocations
  2182 | D        | Noticed a centaur warrior
  2190 | D        | Killed a cyan very ugly thing
  2197 | D        | Killed a centaur warrior
  2528 | D        | Noticed an ettin
  2529 | D        | Noticed a rakshasa
  2530 | D        | Noticed a fire dragon
  2534 | D        | Killed an ettin
  2534 | D        | Reached skill level 1 in Shields
  2542 | D        | Killed a rakshasa
  2542 | D        | Reached skill level 19 in Invocations
  2545 | D        | Slain by a fire dragon

Vault maps used:
D:        linesprint

Skill      XL: |  1  2  3  4  5  6  7  8  9 10 11 12 |
---------------+-------------------------------------+-----
Fighting       | 4 5 6 8 9 10 11 12 13 | 13.8
Long Blades    | 5 6 10 11 12 14 15 16 | 16.3
Dodging        | 5 6 9 10 11 12 13 | 13.8
Invocations    | 1 5 6 7 9 11 15 19 | 19.0
Armour         | 2 3 5 6 7 |  7.3
Shields        | 1 |  1.3
Stealth        | |  2.0

Action                   |  1- 3 |  4- 6 |  7- 9 | 10-12 || total
-------------------------+-------+-------+-------+-------++-------
Melee: Falchion          |    12 |     4 |       |    49 ||    65
       Kick              |     2 |     2 |     5 |    94 ||   103
       Peck              |     1 |     2 |     2 |    55 ||    60
       Scimitar          |       |     1 |     7 |    71 ||    79
Invok: Slouch            |       |       |     4 |    29 ||    33
 Abil: Fly               |       |     1 |     1 |     9 ||    11
Evoke: Wand              |       |     2 |     8 |       ||    10
  Use: Potion            |     1 |       |       |     1 ||     2
 Stab: Sleeping          |     1 |     1 |       |       ||     2
       Distracted        |       |       |       |     1 ||     1
  Eat: Chunk             |       |       |       |     7 ||     7
Armor: Ring mail         |       |       |     2 |     9 ||    11
       Shadow dragon sca |       |       |       |     6 ||     6
Dodge: Dodged            |     8 |     4 |    21 |    91 ||   124
Block: Large shield      |       |       |       |    17 ||    17
       Rpst.: Falchion   |     5 |       |       |     7 ||    12
       Scimitar          |       |       |     1 |    21 ||    22

Table legend:
 A = Spawn XP
 B = Non-spawn XP
 C = Spawn XP percentage of total XP
 D = Spawn monster count
 E = Non-spawn monster count
 F = Spawn count percentage of total count
 G = Total turns spent on level
                    A         B        C        D         E        F      G
               +---------+---------+-------+---------+---------+-------+---------
         Total |       0 |   31504 |   0.0 |       0 |     107 |   0.0 |  2545
               +---------+---------+-------+---------+---------+-------+---------
             D |       0 |   31504 |   0.0 |       0 |     107 |   0.0 |  2545
               +---------+---------+-------+---------+---------+-------+---------
